Map: Lost and Found LE

Players

Sugar - Winner!

  • Race: Terran Terran
  • Spawn Location: 1:00

jheffe

  • Race: Terran Terran
  • Spawn Location: 7:00

Event: WCS Montreal 2018

VOD

Have the link to the VOD?

Description

Time

  • Played on: Sept. 7, 2018, 1:09 p.m.
  • Length: 16:11

All games in this series

Show
View Real Time Build Order
Export as new Build Order

Sugar Terran - Winner!

Build Orders: Gas First Reaper Expand, Reaper Expand, Bio Tank 

Get SALT Encoding   

  12  0:01  SCV  
  13  0:13  SCV  
  14  0:17  Supply Depot  
  14  0:25  SCV  
  14  0:28  Refinery  
  15  0:38  SCV  
  16  0:47  Barracks  
  16  0:52  SCV  
  17  1:04  SCV  
  18  1:16  SCV  
  19  1:34  Reaper, Orbital Command  
  20  1:46  Command Center  
  20  1:57  Factory  
  20  2:00  SCV  
  21  2:12  Supply Depot  
  21  2:13  SCV  
  22  2:18  Refinery  
  22  2:19  Barracks Reactor  
  22  2:25  SCV  
  23  2:37  SCV  
  25  2:44  Hellion, Starport  
  25  2:50  SCV  
  26  2:55  Marine x2  
  28  3:00  Orbital Command  
  28  3:10  Factory Tech Lab  
  28  3:11  SCV  
  29  3:14  Marine x2  
  31  3:22  Viking  
  31  3:23  SCV  
  31  3:26  SCV  
  35  3:41  Barracks  
  35  3:42  Barracks  
  35  3:44  SCV  
  35  3:46  Factory Tech Lab, Stimpack  
  36  3:49  SCV  
  36  3:54  Supply Depot  
  37  3:57  Starport Reactor, SCV  
  37  4:01  Supply Depot  
  38  4:05  Marine  
  38  4:07  SCV  
  38  4:09  SCV  
  41  4:19  Siege Tank  
  41  4:20  SCV  
  41  4:21  SCV  
  41  4:22  Marine  
  44  4:26  Refinery  
  44  4:29  Marine x2  
  46  4:32  SCV  
  46  4:33  SCV  
  48  4:42  Marine x3  
  48  4:45  Starport Reactor  
  51  4:46  Marine  
  51  4:48  Engineering Bay, SCV  
  53  4:53  Supply Depot  
  53  4:55  Siege Tank  
  53  4:58  SCV  
  57  5:00  SCV, Marine  
  57  5:03  Marine  
  60  5:10  SCV  
  60  5:13  SCV  
  62  5:16  Terran Infantry Weapons Level 1, Marine x2  
  64  5:21  Supply Depot  
  64  5:23  Medivac  
  64  5:27  SCV, Siege Tank  
  70  5:36  Supply Depot  
  70  5:42  Marine  
  70  5:43  Medivac, SCV x2, Marine x3, Supply Depot  
  70  5:49  Combat Shields  
  77  5:55  SCV  
  76  5:57  SCV  
  76  6:02  Marine  
  78  6:07  SCV  
  78  6:13  Siege Tank  
  82  6:18  SCV, Command Center  
  82  6:20  Barracks  
  82  6:21  Barracks  
  82  6:31  Marine  
  83  6:33  Marine  
  83  6:34  Medivac x2  
  83  6:37  Marine  
  89  6:44  Marine  
  89  6:48  Marine  
  89  6:53  Marine  
  86  6:55  SCV  
  86  7:01  Marine  
  88  7:03  SCV  
  88  7:04  Medivac x2  
  88  7:07  SCV  
  88  7:08  Barracks Reactor, Supply Depot x2  
  94  7:09  Engineering Bay, Armory  
  94  7:14  Supply Depot  
  94  7:22  Barracks Reactor  
  94  7:29  Marine x2  
  97  7:30  SCV  
  97  7:37  Marine  
  97  7:38  SCV  
  97  7:40  Marine  
  97  7:41  Orbital Command  
  97  7:42  SCV  
  101  7:46  Marine, Orbital Command  
  101  7:50  Terran Infantry Armor Level 1, Barracks  
  101  7:51  Barracks  
  99  7:54  Barracks  
  99  7:55  Factory  
  84  7:58  Marine  
  84  7:59  Marine  
  84  8:01  SCV, Siege Tank  
  84  8:03  SCV  
  91  8:09  Marine  
  91  8:10  Marine x4  
  91  8:12  Terran Infantry Weapons Level 2  
  96  8:14  Refinery  
  96  8:18  Marine  
  97  8:22  Marine  
  97  8:25  SCV, Refinery  
  97  8:26  SCV, Refinery  
  100  8:28  SCV  
  100  8:29  Marine x2  
  103  8:36  Siege Tank  
  106  8:41  Marine  
  106  8:43  Barracks Reactor  
  106  8:44  Barracks Reactor x2  
  107  8:49  Factory Tech Lab, Marine  
  107  8:50  Marine x5  
  107  8:51  SCV x2  
  107  8:53  SCV  
  116  8:56  Marine  
  116  8:59  Marine  
  118  9:03  SCV  
  118  9:06  SCV  
  118  9:08  Marine  
  118  9:09  Siege Tank  
  123  9:16  Marine  
  123  9:17  Marine x4  
  122  9:18  SCV  
  122  9:22  Marine  
  128  9:26  Marine, Supply Depot x4  
  128  9:27  Marine x4  
  133  9:31  Missile Turret x3  
  133  9:38  SCV, Marine  
  133  9:39  Marine  
  133  9:40  Siege Tank  
  133  9:43  Marine  
  133  9:44  Marine x2  
  116  9:47  Marine x2  
  115  9:53  Siege Tank  
  115  9:57  Orbital Command  
  112  10:01  Marine  
  112  10:06  Marine  
  98  10:07  Marine  
  98  10:09  Marine  
  98  10:10  Marine x11  
  98  10:14  SCV  
  110  10:15  SCV  
  110  10:18  Marine  
  112  10:23  Marine  
  112  10:24  Terran Vehicle Weapons Level 1  
  112  10:25  Marine, Terran Infantry Armor Level 2  
  112  10:26  SCV  
  112  10:27  SCV, Marine  
  112  10:28  Marine  
  118  10:32  Terran Infantry Weapons Level 3  
  118  10:40  Sensor Tower  
  118  10:44  Marine x2  
  118  10:46  Marine  
  118  10:47  Marine  
  118  10:48  Marine x3  
  118  10:49  Marine x4  
  127  10:55  Marine x2  
  122  11:03  Medivac x2  
  122  11:04  Marine  
  126  11:05  Marine  
  126  11:08  Siege Tank x2  
  126  11:10  Marine  
  126  11:11  Marine x5  
  139  11:18  Marine  
  139  11:19  Marine x2  
  142  11:25  Marine  
  142  11:27  Marine  
  144  11:33  Medivac  
  144  11:39  Marine  
  141  11:40  Siege Tank, Marine x6  
  141  11:41  Medivac  
  141  11:45  Command Center  
  152  11:49  Marine  
  152  11:50  SCV  
  152  11:53  Marine  
  155  11:54  Marine  
  155  11:56  Marine  
  155  11:57  Marine, Supply Depot  
  155  11:58  Supply Depot  
  155  11:59  Supply Depot  
  158  12:05  Marine  
  158  12:06  Marine x5  
  164  12:32  Medivac x2, Marine  
  164  12:33  Marine x5  
  164  12:34  Marine, Siege Tank  
  159  12:50  Marine  
  144  12:56  Marine x2  
  140  12:58  Marine  
  141  13:06  Marine x3  
  141  13:07  Marine x5  
  141  13:08  Medivac x2  
  152  13:14  Planetary Fortress  
  152  13:17  Terran Infantry Armor Level 3  
  152  13:22  Marine  
  152  13:32  Orbital Command  
  150  13:37  Marine, Siege Tank  
  150  13:38  Marine x2  
  156  13:44  Marine  
  156  13:45  Marine  
  158  13:51  Siege Tank  
  158  13:54  Factory  
  159  14:05  Marine  
  159  14:09  Siege Tank, Marine x10  
  160  14:14  Marine  
  160  14:17  Marine  
  161  14:20  Marine x2  
  161  14:23  Marine  
  165  14:26  Marine  
  165  14:27  Marine x3  
  158  14:32  Marine  
  158  14:34  Marine  
  158  14:36  Marine  
  158  14:37  Siege Tank  
  152  14:43  Factory Tech Lab  
  151  14:52  Siege Tank  
  154  14:53  Marine  
  155  15:01  Marine  
  155  15:02  Marine  
  155  15:03  Marine  
  155  15:04  Marine  
  155  15:05  Marine x10  
  169  15:10  Marine  
  169  15:11  Missile Turret x2  
  169  15:12  Siege Tank x2  
  176  15:19  Marine  
  176  15:20  Marine  
  176  15:21  Marine  
  179  15:22  Marine  
  179  15:23  Marine  
  179  15:24  Marine  
  179  15:25  Siege Tank  
  179  15:26  Marine  
  179  15:27  Marine x2  
  188  15:35  Refinery  
  188  15:36  Marine  
  188  15:38  Marine, Refinery  
  188  15:39  Marine  
Show
View Real Time Build Order
Export as new Build Order

jheffe Terran 

Build Orders: Cyclone Opening, MMM Bio 

Get SALT Encoding   

  12  0:01  SCV  
  13  0:13  SCV  
  14  0:17  Supply Depot  
  14  0:25  SCV  
  14  0:27  Refinery  
  15  0:39  SCV  
  16  0:44  Barracks  
  16  0:51  SCV  
  16  0:54  Refinery  
  17  1:03  SCV  
  18  1:15  SCV  
  19  1:32  Factory, Orbital Command  
  19  1:36  Reaper  
  20  1:44  Supply Depot  
  20  1:58  SCV  
  21  2:09  Reaper  
  21  2:11  SCV  
  23  2:19  Cyclone  
  26  2:23  SCV  
  27  2:33  Command Center  
  27  2:40  Supply Depot  
  27  2:42  Barracks Reactor  
  27  2:44  SCV  
  28  2:53  Cyclone  
  31  3:02  SCV  
  32  3:14  SCV  
  33  3:23  Barracks Tech Lab  
  33  3:26  SCV  
  34  3:33  Cyclone  
  37  3:38  SCV  
  37  3:41  Cyclone  
  39  3:44  Marine  
  39  3:46  Orbital Command  
  39  3:48  Stimpack  
  40  3:50  SCV  
  41  4:03  SCV, Marine  
  41  4:05  Barracks  
  41  4:06  Barracks  
  43  4:12  SCV  
  43  4:15  SCV  
  45  4:22  Factory Reactor  
  45  4:24  SCV, Supply Depot  
  45  4:26  Engineering Bay, Refinery  
  45  4:27  SCV  
  47  4:36  SCV  
  48  4:39  SCV  
  48  4:42  Supply Depot  
  48  4:45  Marine  
  50  4:49  SCV  
  50  4:51  SCV  
  52  4:55  Starport  
  52  4:59  Marine x2  
  53  5:01  SCV  
  53  5:02  Terran Infantry Weapons Level 1, Supply Depot  
  53  5:03  SCV  
  53  5:04  Factory Reactor  
  56  5:10  Marine x3  
  56  5:13  SCV  
  60  5:15  SCV  
  60  5:17  Supply Depot  
  60  5:18  Marine x2  
  63  5:25  SCV  
  63  5:27  SCV  
  65  5:35  Marine x3  
  67  5:37  SCV  
  67  5:38  Marine x2, Supply Depot  
  67  5:39  SCV  
  72  5:49  Medivac x2, SCV, Factory Tech Lab  
  77  5:50  Combat Shields  
  77  5:51  SCV  
  77  5:53  Marine x2  
  77  5:54  Supply Depot  
  77  6:02  Marine x3  
  80  6:11  Marine x2  
  82  6:14  Siege Tank  
  85  6:20  Marine x3  
  88  6:28  Marine x2  
  90  6:37  Supply Depot  
  90  6:38  Marine x3  
  90  6:39  Supply Depot  
  93  6:46  Siege Tank, Marine x2  
  96  6:49  SCV x2  
  92  6:55  Marine  
  92  6:56  Marine x2  
  92  7:01  SCV x2  
  92  7:04  Marine x2  
  96  7:13  Marine x2  
  96  7:14  Marine  
  99  7:21  Command Center  
  99  7:22  Marine x2  
  101  7:31  Marine x2  
  97  7:38  Medivac  
  97  7:40  Marine x2  
  103  7:47  Terran Infantry Armor Level 1  
  103  7:48  Command Center  
  102  7:57  Medivac  
  102  7:58  Marine x5  
  93  8:00  Siege Tank  
  93  8:01  SCV  
  102  8:10  Refinery  
  101  8:16  Barracks, Marine x3  
  101  8:17  Armory, Barracks  
  101  8:18  Barracks Reactor  
  104  8:32  Siege Tank  
  107  8:35  Marine  
  107  8:36  Marine x3  
  108  8:45  SCV x2  
  110  8:53  Marine x2  
  110  8:54  Marine x2  
  114  9:04  Refinery  
  114  9:07  Orbital Command  
  114  9:08  Barracks Reactor x2  
  114  9:09  SCV  
  115  9:10  Refinery  
  115  9:11  SCV  
  115  9:16  Marine x2  
  115  9:17  Orbital Command  
  118  9:21  SCV  
  118  9:22  Marine, Siege Tank  
  118  9:23  SCV, Marine x2  
  126  9:24  Medivac  
  128  9:33  SCV  
  128  9:34  Marine x2  
  119  9:40  Marine x2  
  119  9:41  Marine  
  119  9:44  Marine x4  
  105  9:46  SCV  
  105  9:52  Marine x2  
  107  9:58  Marine x3  
  110  10:01  Marine x2  
  110  10:02  Marine x2  
  100  10:09  Marine x2  
  100  10:12  SCV x2  
  100  10:13  SCV x2  
  98  10:16  Marine x2  
  97  10:24  SCV x2  
  97  10:25  SCV  
  97  10:26  SCV, Factory  
  101  10:30  Marine x4  
  101  10:31  Marine x2  
  101  10:35  Terran Infantry Weapons Level 2  
  107  10:36  SCV  
  107  10:42  Engineering Bay  
  108  10:46  Sensor Tower  
  101  10:59  Marine  
  101  11:00  Marine x3  
  101  11:01  Marine x5  
  106  11:11  Factory Tech Lab  
  106  11:17  Marine  
  106  11:18  Marine x2  
  107  11:25  Marine, Siege Tank  
  112  11:26  Marine x5  
  117  11:35  Marine  
  117  11:36  Marine x2  
  117  11:37  Medivac x2  
  118  11:43  Marine x2, Siege Tank  
  118  11:44  Marine x4  
  127  11:52  Marine  
  127  11:54  Marine x2  
  129  12:01  Marine x4  
  129  12:02  Marine x2  
  129  12:07  Medivac x2  
  139  12:10  Marine  
  139  12:15  Marine x2  
  139  12:19  Marine x2  
  140  12:24  Marine x2  
  140  12:28  Marine  
  140  12:29  Marine x2  
  139  12:33  Siege Tank  
  140  12:37  Armory  
  140  12:38  Marine x4  
  140  12:42  Marine x2  
  125  12:46  Marine  
  125  12:47  Marine x2, Orbital Command  
  118  12:56  Marine x4  
  112  12:59  Marine  
  112  13:00  Marine  
  112  13:04  Marine x3  
  112  13:07  Siege Tank x2  
  118  13:13  SCV x2, Marine x2  
  118  13:14  Marine x2  
  118  13:17  Marine  
  118  13:18  Marine  
  127  13:22  Marine x3  
  129  13:27  Medivac  
  129  13:31  Terran Infantry Weapons Level 3, Marine  
  129  13:33  Orbital Command, Supply Depot  
  132  13:34  Supply Depot  
  132  13:35  Marine  
  132  13:36  Marine  
  132  13:37  Marine  
  132  13:39  Marine x2  
  132  13:40  Marine x2  
  132  13:41  Marine  
  132  13:42  Medivac  
  132  13:46  Siege Tank  
  130  13:49  Siege Tank  
  130  13:51  Marine  
  130  13:54  Marine x2  
  130  13:55  Marine  
  135  13:56  Marine  
  135  13:57  Marine  
  135  13:58  Marine x2  
  135  13:59  Sensor Tower, Marine  
  135  14:09  Marine  
  116  14:12  Marine x2  
  116  14:13  Marine  
  116  14:14  Marine x2  
  116  14:15  Marine  
  116  14:16  Marine  
  123  14:18  Siege Tank  
  123  14:22  Hellion  
  120  14:34  Marine x3  
  120  14:35  Marine x2  
  122  14:43  Viking  
  123  14:48  Siege Tank  
  123  14:51  SCV  
  127  14:54  Marine x2  
  127  14:56  Marine  
  130  15:03  Siege Tank  
  133  15:20  Siege Tank  
  126  15:22  SCV x2  
  126  15:23  SCV x2  
  126  15:24  Marine x2  
  126  15:25  Marine x4  
  126  15:27  Marine  
  126  15:28  Marine  
  138  15:34  SCV  
  138  15:40  SCV  
Tags
 
Add a new tag
Caveats
  • Supply blocks, unpowered buildings, or Contaminate may cause inaccurate times.
  • Supply counts are checked every 10 seconds.